 Dungeon Crawl Stone Soup version 0.24.0-123-gd5b16e6ec5 (webtiles) character file.

Game seed: 10736348122164110850, levelgen mode: deterministic

25 FishyPogo the Skirmisher (level 2, -3/27 HPs)
             Began as a Minotaur Chaos Knight on Feb 10, 2020.
             Was a Plaything of Xom.
             Slain by a worm (5 damage)
             ... on level 2 of the Dungeon.
             The game lasted 00:01:44 (708 turns).

FishyPogo the Skirmisher (Minotaur Chaos Knight)     Turns: 708, Time: 00:01:44

Health: -3/27      AC:  5    Str: 16    XL:     2   Next: 86%
Magic:  1/1        EV: 11    Int:  9    God:    Xom [.*....]
Gold:   28         SH:  0    Dex:  9    Spells: 1/1 levels left

rFire    . . .     SeeInvis .   a - +0 hand axe (chaos)
rCold    . . .     Gourm    .   (no shield)
rNeg     . . .     Faith    .   b - +2 leather armour
rPois    +         Spirit   .   (helmet restricted)
rElec    .         Reflect  .   (no cloak)
rCorr    .         Harm     .   (no gloves)
MR       .....                  (no boots)
Stlth    +.........             (no amulet)
HPRegen  0.09/turn              f - ring of poison resistance
MPRegen  0.07/turn              (no ring)

@: no status effects
A: retaliatory headbutt, horns 2
a: Renounce Religion


You were on level 2 of the Dungeon.
You worshipped Xom.
You were a plaything of Xom.
You were not hungry.

You visited 1 branch of the dungeon, and saw 2 of its levels.

You collected 28 gold pieces.

Inventory:

Hand Weapons
 a - a +0 hand axe of chaos (weapon)
Missiles
 e - 3 boomerangs (quivered)
 i - 31 stones
Armour
 b - a +2 leather armour (worn)
Jewellery
 f - a ring of poison resistance (left hand)
Scrolls
 d - 2 scrolls of remove curse {unknown}
 g - a scroll of identify {unknown}
 h - a scroll of amnesia {unknown}
 j - 2 scrolls of teleportation {unknown}
Potions
 l - a potion of lignification {unknown}
Comestibles
 c - 2 rations
 k - a chunk of flesh


   Skills:
 * Level 4.1 Fighting
 + Level 3.8 Axes
 * Level 3.1 Armour
 + Level 1.7 Dodging


You had one spell level left.
You didn't know any spells.
Your spell library was empty.

Dungeon Overview and Level Annotations

Branches:
Dungeon (2/15)

Altars:


Innate Abilities, Weirdness & Mutations

You reflexively headbutt those who attack you in melee.
You have a pair of horns on your head.


Message History

* * * LOW HITPOINT WARNING * * *
You are too injured to fight recklessly!
You are too injured to fight recklessly!
You are too injured to fight recklessly!
You are too injured to fight recklessly!
You are too injured to fight recklessly!
You are too injured to fight recklessly!
You are too injured to fight recklessly!
You hit the worm.
The worm seems to speed up.
Xom thinks this is hilarious!
The worm is severely wounded.
You closely miss the adder. The adder barely misses you.
You furiously retaliate!
You headbutt the adder. The worm bites you.
* * * LOW HITPOINT WARNING * * *
A shower of butterflies erupts from you!
You hit the worm. You burn the worm.
The worm is almost dead.
You hit the adder but do no damage. The adder barely misses you.
The worm bites you.
You die...

#...............#..
#<#.####..........
#.#..##..........
#.##.##.........#
#.##..#..b......# #
#.###.#...b.b...###. ##.#
#.#............. #..#
#.##...wS..#.# #####<##
#.###..@.†...#
......####[########.#######
#..)...................
######.#######..#######
#.#####...## #.......###
#########


You could see a worm (berserk) and an adder.

Vanquished Creatures
  A dart slug (D:2)
  2 leopard geckos (D:1)
  3 bats (D:1)
  A goblin (D:1)
  A hobgoblin (D:1)
  A ball python (D:1)
  5 frilled lizards (D:1)
  6 kobolds
  3 rats (D:1)
23 creatures vanquished.

Notes
Turn   | Place    | Note
-------+----------+-------------------------------------------
     0 | D:1      | FishyPogo the Minotaur Chaos Knight began the quest for the
                  | Orb.
     0 | D:1      | Reached XP level 1. HP: 19/19 MP: 0/0
   101 | D:1      | Reached XP level 2. HP: 27/27 MP: 1/1
   110 | D:1      | XOM: harmless Air miscast
   173 | D:1      | Reached skill level 4 in Fighting
   240 | D:1      | XOM: 2-stop teleportation journey
   557 | D:1      | XOM: harmless Tloc miscast
   596 | D:1      | XOM: medium Chrm miscast
   706 | D:2      | XOM: butterfly on damage
   708 | D:2      | Slain by a worm

Levels and vault maps discovered:
D:1:      onia_arrival_pyramid, layout_basic
D:2:      layout_rooms, first_ration, hangedman_decor_push,
          corexii_hall_statues_deadend, columned_hall_lemuel

Skill      XL: |  1  2 |
---------------+-------+-----
Armour         | 3 |  3.1
Fighting       | 4 |  4.1
Axes           | |  3.8
Dodging        | |  1.7

Action                   || total
-------------------------++-------
Melee: Hand axe          ||    38
       Headbutt          ||     3
Armor: Leather armour    ||    18
Dodge: Dodged            ||    30
